 Dungeon Crawl Stone Soup version 0.17-a0-2073-gde5cdba (webtiles) character file.

11962 Ohli the Protected (level 11, -1/73 HPs)
             Began as a Tengu Fighter on Oct 15, 2015.
             Was a High Priest of Nemelex Xobeh.
             Slain by a spiny frog (3 damage)
             ... on level 3 of the Lair of Beasts.
             The game lasted 01:08:40 (12106 turns).

Ohli the Protected (Tengu Fighter)                 Turns: 12106, Time: 01:08:41

Health: -1/73      AC: 18    Str: 19    XL:     11   Next: 85%
Magic:  0/15       EV:  2    Int: 17    God:    Nemelex Xobeh [*****.]
Gold:   799        SH:  0    Dex: 14    Spells: 0 memorised, 10 levels left

rFire  . . .     SeeInvis +     J - +2 flail (protect)
rCold  . . .     Clarity  .     b - +0 scale mail
rNeg   + + +     SustAt   .     c - +0 shield
rPois  ∞         Gourm    .     l - +2 hat {Int+3}
rElec  +         Spirit   +     (no cloak)
rCorr  .         Warding  .     a - +1 pair of gloves
rMut   .         Stasis   .     (boots unavailable)
MR     .....                    L - amulet of Jicu {Spirit rElec Int+5}
Stlth  ..........               F - ring of see invisible
                                i - +4 ring of slaying

@: petrified, not resistant to hostile enchantments, extremely unstealthy
A: beak, talons 3, able to fly 1
a: Fly, Triple Draw, Deal Four, Stack Five, Renounce Religion


You were on level 3 of the Lair of Beasts.
You worshipped Nemelex Xobeh.
Nemelex Xobeh was extremely pleased with you.
You were hungry.

You visited 2 branches of the dungeon, and saw 12 of its levels.
You also visited: Ossuary.

You collected 799 gold pieces.

Inventory:

Hand Weapons
 C - a +0 war axe of electrocution
 E - a +0 hand axe of flaming
 J - a +2 flail of protection (weapon)
Missiles
 O - 2 poisoned javelins (quivered)
Armour
 a - a +1 pair of gloves (worn)
 b - a +0 scale mail (worn)
 c - a +0 shield (worn)
 l - a +2 hat of intelligence (worn)
Jewellery
 i - a +4 ring of slaying (left hand)
 F - a ring of see invisible (right hand)
 L - the amulet of Jicu (around neck) {Spirit rElec Int+5}
   (You found it on level 5 of the Dungeon)

   [amulet of guardian spirit]

   It causes incoming damage to be split between your health and magic.
   It affects your intelligence (+5).
   It insulates you from electricity.
 R - an uncursed amulet of the gourmand {unknown}
 Y - an uncursed ring of protection from cold
Wands
 f - a wand of flame (22)
 q - a wand of fire (9)
 t - a wand of lightning (4)
 y - a wand of slowing (20)
 M - a wand of enslavement (22)
 P - a wand of confusion (44)
Scrolls
 g - 2 scrolls of teleportation
 k - 2 scrolls of remove curse
 m - 17 scrolls of identify
 s - 2 scrolls of magic mapping
 u - a scroll of fear
 w - a scroll of recharging
 x - 2 scrolls of fog
 H - 4 scrolls of enchant weapon
 N - 4 scrolls of enchant armour
Potions
 d - a potion of magic {unknown}
 h - a potion of curing
 j - a potion of invisibility {unknown}
 n - 2 potions of cancellation {unknown}
 o - a potion of poison {unknown}
 p - 3 potions of heal wounds {unknown}
 v - 4 potions of agility {unknown}
 z - a potion of degeneration {unknown}
 A - 2 potions of haste {unknown}
 K - 2 potions of berserk rage {unknown}
 Q - 2 potions of brilliance {unknown}
 S - 3 potions of flight {unknown}
 X - a potion of mutation {unknown}
 Z - a potion of resistance {unknown}
Books
 G - a Grand Grimoire

   Spells                             Type                      Level
   a - Monstrous Menagerie            Summoning                    6
   b - Summon Greater Demon           Summoning                    7
   c - Malign Gateway                 Summoning/Translocation      7
   d - Summon Horrible Things         Summoning                    8
Miscellaneous
 r - an ornate deck of war {drawn: 3}
 B - a plain deck of escape {drawn: 2}
 D - a plain deck of defence {drawn: 5}
 W - a plain deck of war {drawn: 5}
Comestibles
 e - 3 bread rations
 I - 6 meat rations
 T - 20 fruits
 U - 7 slices of pizza


   Skills:
 * Level 10.5 Fighting
 - Level 3.2(3.6) Axes
 - Level 2.2(3.1) Maces & Flails
 - Level 1.0 Throwing
 * Level 12.0 Armour
 + Level 9.1 Dodging
 - Level 0.2 Stealth
 - Level 6.0 Shields
 + Level 4.1 Evocations


You had 10 spell levels left.
You didn't know any spells.

Dungeon Overview and Level Annotations

Branches:
Dungeon (9/15)             Temple (0/1) D:5            Lair (3/8) D:9
  Swamp: Lair:3-6    Shoals: Lair:3-6     Snake: Lair:3-6    Spider: Lair:3-6
    Orc: D:9-12

Altars:
Ashenzari
Elyvilon
Gozag
Nemelex Xobeh
Qazlal
The Shining One

Annotations:
D:4 Grinder
D:8 Maurice


Innate Abilities, Weirdness & Mutations

You have a beak for a mouth.
You have claws for feet.
You can fly.


Message History

The river rat bites you but does no damage.
The catoblepas breathes a plume of calcifying dust at you.
The blast of calcifying dust hits you!
Your green ugly thing bites the catoblepas.
The river rat bites you.
* * * LOW HITPOINT WARNING * * *
The red ugly thing barely misses you.
You are engulfed in calcifying dust.
The catoblepas gores you!
* * * LOW HITPOINT WARNING * * *
Your green ugly thing bites the catoblepas but does no damage.
The river rat bites you but does no damage.
The red ugly thing claws you but does no damage.
The spiny frog stings you!
* * * LOW HITPOINT WARNING * * *
You are engulfed in calcifying dust.
The catoblepas gores you but does no damage.
Your green ugly thing bites the catoblepas.
The spiny frog stings you!
You die...
Your body glows slightly and disappears.

>...... .##
..........#..
.(.......#..#
............##
>...........P#
.............#
....}......#.#
.......rYu...####
.......@u†...#..##
......§.F##......#
#....§#####.§....###
....##
##..........### ..#
##.............# #
#..............##
#...............#
##..............#
#.............#


You could see a catoblepas, a red ugly thing (petrifying), a spiny frog
(petrifying), a river rat and a friendly green ugly thing.

Vanquished Creatures
  An ugly thing (D:9)
  2 komodo dragons (Lair:1)
  2 polar bears (Lair:2)
  A two-headed ogre (D:9)
  2 deep elf magi (D:9)
  Sigmund (D:4)
  A basilisk (D:7)
  A yak (D:9)
  A fire bat (D:8)
  5 water moccasins
  A wasp (D:8)
  7 porcupines
  5 black bears (Lair:2)
  2 ogres
  A necrophage (D:8)
  An orc warrior (D:6)
  3 centaurs
  3 crocodiles (D:9)
  7 giant frogs
  3 big kobolds
  A water moccasin zombie (D:9)
  3 killer bees (D:8)
  An electric eel (Lair:2)
  A centaur zombie (D:5)
  2 crimson imps
  A quasit (D:8)
  2 jellies
  A giant frog skeleton (D:9)
  4 hounds
  A human zombie (Ossuary)
  2 centaur skeletons (D:9)
  3 orc priests
  Ijyb (D:3)
  5 iguanas
  2 orc wizards
  4 worker ants
  7 sheep (D:9)
  A big kobold zombie (Ossuary)
  2 hound zombies (Ossuary)
  2 mummies
  16 river rats
  5 adders
  4 shadow imps
  A giant eyeball (D:8)
  2 adder skeletons
  2 adder zombies
  An ooze (D:5)
  3 worms
  5 giant geckos
  14 orcs
  8 bats
  6 giant cockroaches
  A gnoll zombie (Ossuary)
  11 hobgoblins
  3 jackals (D:2)
  3 quokkas
  A ball python (D:6)
  3 giant newts
  6 goblins
  2 goblin zombies (Ossuary)
  A jackal zombie (Ossuary)
  6 kobolds
  An orc zombie (Ossuary)
  4 rats
  A fungus (D:9)
206 creatures vanquished.

Vanquished Creatures (collateral kills)
  Gastronok (D:8)
  3 hydras
  Pikel (D:6)
  A spiny frog (Lair:1)
  2 polar bears (Lair:2)
  4 slime creatures (D:8)
  A yak (D:9)
  A hippogriff (Lair:2)
  A water moccasin (Lair:1)
  2 porcupines (D:9)
  A sky beast (D:9)
  2 black bears (Lair:2)
  3 ogres
  2 slaves (D:6)
  2 phantoms
  A big kobold (D:9)
  2 sheep (D:9)
  2 big kobold zombies (Ossuary)
  3 mummies (Ossuary)
  3 river rats
  A shadow imp (D:6)
  3 orcs (D:8)
  3 quokkas
45 creatures vanquished.

Vanquished Creatures (others)
  A hungry ghost (D:6)
  5 plants (D:9)
6 creatures vanquished.

Grand Total: 257 creatures vanquished

Notes
Turn   | Place    | Note
--------------------------------------------------------------
     0 | D:1      | Ohli the Tengu Fighter began the quest for the Orb.
     0 | D:1      | Reached XP level 1. HP: 14/14 MP: 2/2
   235 | D:1      | Reached XP level 2. HP: 5/19 MP: 3/3
   604 | D:1      | Reached XP level 3. HP: 23/23 MP: 4/4
  1191 | D:2      | You fall through a shaft for 2 floors!
  1191 | D:4      | Noticed Sigmund
  1195 | D:4      | Killed Sigmund
  1195 | D:4      | Reached skill level 4 in Armour
  1195 | D:4      | Reached skill level 1 in Dodging
  1195 | D:4      | Reached XP level 4. HP: 20/29 MP: 5/5
  1195 | D:4      | Gained mutation: You can fly. [Tengu growth]
  1195 | D:4      | Reached XP level 5. HP: 22/33 MP: 6/6
  1196 | D:4      | Reached XP level 6. HP: 17/38 MP: 7/7
  1207 | D:4      | Found a sparkling altar of Nemelex Xobeh.
  1414 | D:4      | Found a shattered altar of Ashenzari.
  1864 | D:4      | Reached skill level 5 in Armour
  2099 | D:4      | Noticed Grinder
  2117 | D:4      | Paralysed by Grinder for 7 turns
  2780 | D:3      | Found a faded altar to an unknown god.
  2833 | D:3      | Noticed Ijyb
  2838 | D:3      | Killed Ijyb
  3052 | D:4      | Became a worshipper of Nemelex Xobeh the Trickster
  3118 | D:4      | Found a glowing golden altar of the Shining One.
  3122 | D:4      | Received a gift from Nemelex Xobeh
  3146 | D:5      | Entered Level 5 of the Dungeon
  3240 | D:5      | Received a gift from Nemelex Xobeh
  3259 | D:5      | Noticed a water moccasin
  3266 | D:5      | Killed a water moccasin
  3266 | D:5      | Reached XP level 7. HP: 42/44 MP: 8/8
  3399 | D:5      | Reached skill level 6 in Armour
  3605 | D:5      | Reached * piety under Nemelex Xobeh
  3630 | D:5      | Found a sparkling altar of Nemelex Xobeh.
  3816 | D:5      | Found a staircase to the Ecumenical Temple.
  3884 | D:5      | Reached skill level 5 in Fighting
  3884 | D:5      | Reached XP level 8. HP: 45/49 MP: 9/9
  3904 | D:5      | Got a vibrating jade amulet
  3905 | D:5      | Identified the amulet of Jicu {Spirit rElec Int+5} (You found it on level 5 of the Dungeon)
  4043 | D:5      | Found a white marble altar of Elyvilon.
  4395 | D:6      | Reached ** piety under Nemelex Xobeh
  4407 | D:6      | Noticed Pikel
  4412 | D:6      | Reached skill level 7 in Armour
  4412 | D:6      | Reached skill level 5 in Shields
  4419 | D:6      | Killed Pikel
  4419 | D:6      | Reached skill level 1 in Maces & Flails
  4419 | D:6      | Reached skill level 1 in Evocations
  4470 | D:6      | Found an opulent altar of Gozag.
  5216 | D:7      | Received a gift from Nemelex Xobeh
  5240 | D:7      | Reached XP level 9. HP: 51/56 MP: 11/11
  5564 | D:7      | Reached *** piety under Nemelex Xobeh
  5767 | D:7      | Reached skill level 8 in Armour
  6220 | D:8      | Found a sand-covered staircase.
  6228 | Ossuary  | Entered an ossuary
  6307 | Ossuary  | Received a gift from Nemelex Xobeh
  6509 | D:8      | Reached skill level 5 in Dodging
  7410 | D:8      | Reached **** piety under Nemelex Xobeh
  7410 | D:8      | Received a gift from Nemelex Xobeh
  7571 | D:8      | Noticed Gastronok
  7591 | D:8      | Noticed Maurice
  7593 | D:8      | Killed Gastronok
  7593 | D:8      | Reached skill level 9 in Armour
  7593 | D:8      | Reached XP level 10. HP: 60/63 MP: 11/13
  7618 | D:8      | Noticed a hornet
  7618 | D:8      | Noticed a hornet
  7622 | D:8      | Killed a hornet
  7623 | D:8      | Killed a hornet
  7931 | D:8      | Reached skill level 10 in Armour
  8709 | D:9      | Found a staircase to the Lair.
  8843 | D:9      | Reached skill level 11 in Armour
  8846 | D:9      | Noticed a two-headed hydra
  8853 | D:9      | Killed a two-headed hydra
  8853 | D:9      | Reached XP level 11. HP: 62/70 MP: 12/14
  8870 | D:9      | Noticed a brown ugly thing
  8871 | D:9      | Got a steaming halberd {flame}
  8872 | D:9      | Received a gift from Nemelex Xobeh
  9313 | D:9      | Found a stormy altar of Qazlal.
  9496 | D:9      | Killed a brown ugly thing
  9807 | Lair:1   | Entered Level 1 of the Lair of Beasts
  9915 | Lair:1   | Reached skill level 1 in Throwing
 10115 | Lair:1   | Received a gift from Nemelex Xobeh
 10317 | Lair:1   | Noticed a seven-headed hydra
 10340 | Lair:1   | Killed a seven-headed hydra
 10375 | Lair:1   | Reached ***** piety under Nemelex Xobeh
 10392 | Lair:1   | Reached skill level 10 in Fighting
 10640 | Lair:1   | Received a gift from Nemelex Xobeh
 11109 | Lair:2   | Received a gift from Nemelex Xobeh
 11754 | Lair:2   | Received a gift from Nemelex Xobeh
 11770 | Lair:2   | Noticed an eight-headed hydra
 11775 | Lair:2   | Reached skill level 12 in Armour
 11778 | Lair:2   | Killed an eight-headed hydra
 12087 | Lair:3   | Noticed a catoblepas
 12105 | Lair:3   | HP: 2/73 [spiny frog (6)]
 12106 | Lair:3   | Slain by a spiny frog

Vault maps used:
D:1:      lightli_iron_boxes
D:2:      amethyst_overflow_temple_binary
D:3:      ecumenical_altar_2, uniq_iyjb
D:4:      overflow_temple_1_default, nemelex_deck, first_bread,
          nicolae_tso_swordbearing_angel, uniq_grinder, uniq_sigmund
D:5:      nicolae_overflow_crystal_walls, minmay_temple_entry_glassed_door,
          nemelex_dance_club_becter
D:6:      grunt_gozag_breadcrumbs, kennysheep_potato, uniq_pikel
D:8:      serial_glass, glass_columns_b, glass_columns_a,
          gup_ossuary_entry_pyramid, uniq_gastronok, uniq_maurice
D:9:      overflow_temple_1_default, minmay_lair_entry_grove, hangedman_ranch,
          grunt_ministairs_2
Lair:2:   beast_lair_carwin_large_3, nicolae_quartered_pool_medium,
          infiniplex_staircase_pool_2
Ossuary:  ossuary_minmay_tomb_2a

Action                   |  1- 3 |  4- 6 |  7- 9 | 10-12 || total
-------------------------+-------+-------+-------+-------++-------
Melee: War axe           |    78 |    63 |     9 |       ||   150
       Flail             |       |       |   162 |   308 ||   470
Throw: Javelin           |       |       |       |     6 ||     6
 Abil: Fly               |       |       |     3 |     1 ||     4
Evoke: Deck              |       |     1 |    18 |    33 ||    52
       Wand              |       |       |       |     4 ||     4
  Use: Potion            |     1 |     1 |       |     1 ||     3
       Scroll            |       |     2 |     1 |    15 ||    18
  Eat: Bread ration      |     1 |       |     1 |     2 ||     4
       Chunk             |       |     3 |     6 |     4 ||    13
       Fruit             |       |       |     3 |     1 ||     4
       Beef jerky        |       |       |     1 |       ||     1
